AoeStats
← Jan2427

Coastal Forest

510545638Analyzed
3v3 RM · 2d ago on Oct 1, 2026· 46m 43s· 6 players
Game mode
Random Map
Map size
Normal (6 player)
Population
200
Speed
Normal
Resources
Standard
Victory
Conquest
Starting age
Dark Age
Ending age
Imperial Age
RankedLock teamsTeams togetherTeam positionsShared explorationLock speedFull tech treeHidden civsTurbo modeCheats
Victory
Defeat
🇮🇹 Byzantines · Italy
976
+17
🇮🇹 Britons · Italy
964
+17
🇮🇹 Magyars · Italy
940
+18
🇪🇸 Franks · Spain
1013
-18
🇹🇼 Japanese · Taiwan
1000
-17
🇨🇴 Vietnamese · Colombia
975
-17
Riperto
10:00 Feudal Age
10:50 Double-Bit Axe
14:00 Loom
19:25 Castle Age
17:33 Horse Collar
20:02 Elite Skirmisher
22:04 Padded Archer Armor
21:55 Fletching
22:27 Bow Saw
22:27 Heavy Plow
23:05 Wheelbarrow
30:51 Hand Cart
30:18 Pikeman
31:31 Ballistics
32:07 Leather Archer Armor
31:48 Bodkin Arrow
39:24 Imperial Age
37:31 Husbandry
37:42 Bloodlines
36:53 Light Cavalry
37:52 Bloodlines
37:03 Light Cavalry
42:22 Halberdier
43:35 Ring Archer Armor
43:06 Bracer
43:06 Scale Mail Armor
43:17 Forging
DangerWashington
0:33 Loom
13:22 Feudal Age
17:44 Castle Age
16:49 Arson
17:26 Stone Mining
18:13 Wheelbarrow
17:44 Fishing Lines
18:22 Pikeman
19:04 Squires
20:01 Scale Mail Armor
20:05 Gillnets
20:41 Double-Bit Axe
20:50 Fletching
21:18 Medium Warships
22:12 Chain Mail Armor
22:10 Forging
24:04 Fervor
25:01 Iron Casting
24:22 Bodkin Arrow
29:54 Treadmill Crane
30:06 Guard Tower
30:12 Murder Holes
33:53 Masonry
33:57 Clinker Construction
34:15 Bow Saw
40:25 Imperial Age
37:59 Gold Mining
38:51 Ballistics
42:09 Blast Furnace
40:35 Halberdier
42:12 Plate Mail Armor
43:17 Hand Cart
42:49 Town Watch
44:50 Conscription
45:29 Bracer
45:19 Capped Ram
El Cacas
10:13 Feudal Age
8:28 Loom
14:26 Scale Barding Armor
21:39 Castle Age
20:49 Double-Bit Axe
21:54 Forging
24:41 Husbandry
29:33 Chain Barding Armor
29:48 Bow Saw
31:07 Iron Casting
37:58 Wheelbarrow
38:42 Scale Mail Armor
43:07 Imperial Age
41:49 Gold Mining
44:48 Cavalier
stepsm193
0:38 Loom
10:48 Feudal Age
19:26 Castle Age
23:52 Fletching
25:37 Bodkin Arrow
25:36 Horse Collar
25:46 Double-Bit Axe
30:07 Gold Mining
30:28 Padded Archer Armor
33:03 Ballistics
34:49 Wheelbarrow
34:42 Murder Holes
40:47 Imperial Age
42:39 Bracer
42:55 Pikeman
44:28 Conscription
46:54 Chemistry
Jan2427
13:55 Feudal Age
12:12 Loom
18:18 Castle Age
17:16 Double-Bit Axe
21:07 Wheelbarrow
20:19 Horse Collar
26:14 Heavy Plow
28:44 Scale Barding Armor
28:49 Forging
31:12 Imperial Age
30:07 Husbandry
32:25 Cavalier
35:57 Conscription
35:17 Light Cavalry
40:10 Hussar
42:07 Gold Mining
43:31 Bow Saw
46:21 Ballistics
47:03 Chemistry
45:59 Murder Holes
47:03 Chain Barding Armor
47:19 Iron Casting
LordGiamma
11:30 Feudal Age
9:45 Loom
15:45 Castle Age
13:35 Double-Bit Axe
17:41 Wheelbarrow
22:16 Horse Collar
29:22 Imperial Age
27:11 Hand Cart
27:54 Town Watch
28:24 Heavy Plow
28:39 Scale Barding Armor
28:27 Gold Mining
28:36 Treadmill Crane
29:27 Fletching
29:53 Bloodlines
30:48 Conscription
30:33 Cavalier
31:52 Light Cavalry
32:35 Husbandry
33:32 Murder Holes
34:48 Hussar
36:50 Bodkin Arrow
39:13 Crop Rotation
39:13 Paladin
42:57 Gold Shaft Mining
42:16 Stone Mining
42:57 Bow Saw
Connection lost

Rejoining the realm…

Still unreachable

The connection could not be restored.

Session expired

The server has moved on; the page needs a fresh start.